 Dungeon Crawl Stone Soup version 0.22.0 (webtiles) character file.

8305 Jorund the Destroyer (level 11, -5/61 HPs)
             Began as an Octopode Wizard on Aug 11, 2018.
             Was a Believer of Vehumet.
             Slain by a five-headed hydra (12 damage)
             ... on level 11 of the Dungeon.
             The game lasted 00:34:24 (13857 turns).

Jorund the Destroyer (Octopode Wizard)             Turns: 13857, Time: 00:34:26

Health: -5/61      AC:  2    Str:  7    XL:     11   Next: 28%
Magic:  7/24       EV: 13    Int: 24    God:    Vehumet [**....]
Gold:   11         SH:  0    Dex: 10    Spells: 20/29 levels left

rFire    . . .     SeeInvis +   n - +3 spear (venom)
rCold    + . .     Gourm    .   (no shield)
rNeg     . . .     Faith    .   a - +1 hat
rPois    +         Spirit   .   (no amulet)
rElec    .         Reflect  .   r - ring of see invisible
rCorr    .         Harm     .   I - ring of Aduppev {rPois rC+}
MR       .....                  (no ring)
Stlth    +++.......             (no ring)
HPRegen  0.20/turn              (no ring)
MPRegen  0.19/turn              (no ring)
                                (no ring)
                                (no ring)

@: very slightly contaminated, invisible
A: almost no armour, stealthy swim, amphibious, 8 rings, constrict 8, camouflage
1, gelatinous body 1
a: Renounce Religion


You were on level 11 of the Dungeon.
You worshipped Vehumet.
Vehumet was pleased with you.
You were not hungry.

You visited 2 branches of the dungeon, and saw 12 of its levels.

You collected 409 gold pieces.
You spent 398 gold pieces at shops.

Inventory:

Hand Weapons
 n - a +3 spear of venom (weapon)
 y - the cursed +1 great sword "Peamofos" {vamp, rN+, unknown}
   (You found it on level 6 of the Dungeon)

   It inflicts no extra harm, but heals its wielder when it wounds a living foe.
   It protects you from negative energy.
   It has a curse placed upon it.
Missiles
 b - 3 throwing nets (quivered)
 w - 55 poisoned needles
Armour
 a - a +1 hat (worn)
 m - a +0 buckler
Jewellery
 o - an uncursed amulet of faith
 r - a ring of see invisible (left tentacle)
 I - the ring of Aduppev (right tentacle) {rPois rC+}
   (You bought it in a shop on level 4 of the Dungeon)

   [ring of protection from cold]

   It protects you from cold.
   It protects you from poison.
Wands
 d - a wand of enslavement (13)
 k - a wand of polymorph (29)
 x - a wand of flame (26)
 C - a wand of acid (5)
 D - a wand of digging (30)
Scrolls
 e - 7 scrolls of identify
 f - a scroll of fear
 g - 4 scrolls of teleportation
 p - 2 scrolls of magic mapping
 q - 4 scrolls of amnesia
 s - 3 scrolls of enchant armour
 t - 8 scrolls of remove curse
 F - a scroll of blinking {unknown}
Potions
 h - a potion of magic
 i - a potion of ambrosia {unknown}
 j - a potion of berserk rage {unknown}
 l - 4 potions of flight
 v - 2 potions of mutation {unknown}
 z - a potion of degeneration {unknown}
 B - a potion of haste {unknown}
 E - a potion of brilliance {unknown}
 G - a potion of curing
Comestibles
 c - 26 rations


   Skills:
   Level 0.1 Short Blades
 + Level 6.6 Polearms
 - Level 2.0 Dodging
 - Level 2.6 Stealth
 - Level 4.1 Shields
 + Level 9.7 Spellcasting
 + Level 11.4 Conjurations
   Level 1.0 Summonings
 - Level 1.0 Translocations
 - Level 0.1 Air Magic
 - Level 0.2 Poison Magic


You had 20 spell levels left.
You knew the following spells:

 Your Spells              Type           Power        Failure   Level  Hunger
a - Magic Dart            Conj           ####         1%          1    None
b - Blink                 Tloc           N/A          5%          2    None
c - Conjure Flame         Conj/Fire      #####...     1%          3    None
d - Mephitic Cloud        Conj/Pois/Air  ####....     3%          3    None

Your spell library contained the following spells:

 Spells                   Type           Power        Failure   Level  Hunger
 Slow                     Hex            ##......     9%          2    None
 Confuse                  Hex            ##......     16%         3    None
 Call Imp                 Summ           ###.....     5%          2    None
 Confusing Touch          Hex            ##....       5%          1    None
 Metabolic Englaciation   Hex/Ice        ##........   83%         5    ####...
 Petrify                  Tmut/Erth      ##......     47%         4    #......
 Gell's Gravitas          Tloc           ###.......   11%         3    None
 Yara's Violent Unravell  Hex/Tmut       ##........   83%         5    ####...


Dungeon Overview and Level Annotations

Branches:
Dungeon (11/15)            Temple (1/1) D:7             Orc (0/2) D:9
   Lair: D:8-11

Altars:
Ashenzari
Cheibriados
Dithmenos
Elyvilon
Fedhas
Gozag
Hepliaklqana
Kikubaaqudgha
Makhleb
Nemelex Xobeh
Okawaru
Qazlal
Sif Muna
Trog
Uskayaw
Vehumet
Wu Jian
Xom
Yredelemnul
Zin
The Shining One

Shops:
D:4 =   D:7 [   D:10 }

Annotations:
D:3 exclusion: oklob plant
D:7 1 runed door, Azzok's ghost, novice GnTm
D:10 Gastronok
D:11 Psyche


Innate Abilities, Weirdness & Mutations

You cannot wear most types of armour.
You are very stealthy in the water. (Stealth+)
You are amphibious.
You can wear up to eight rings at the same time.
You can use your tentacles to constrict eight enemies at once.
Your skin changes colour to match your surroundings (Stealth+).
Your rubbery body absorbs attacks. (AC +1, EV +1)


Message History

Okay, then.
The five-headed hydra is engulfed in blazing flames.
Casting: Magic Dart (safe; 1% risk of failure)
Confirm with . or Enter, or press ? or * to list all spells.
Aiming: Conjure Flame (safe; 1% risk of failure)
Press: ? - help, Dir - move target cursor The fire ignites!
The five-headed hydra is engulfed in blazing flames.
Casting: Conjure Flame (safe; 1% risk of failure)
Confirm with . or Enter, or press ? or * to list all spells.
Aiming: Magic Dart (safe; 1% risk of failure)
Press: ? - help, Shift-Dir - straight line, f - five-headed hydra
Aim: a five-headed hydra (flame, heavily wounded)
The magic dart hits the five-headed hydra.
The five-headed hydra is heavily wounded.
The five-headed hydra is engulfed in blazing flames.
The five-headed hydra bites you! x2
* * * LOW HITPOINT WARNING * * *
The five-headed hydra bites you!
You die...

######### #.......# #
#.......#
..$##########.......####
........D§§§5.<)..(.....
#####.@#########.......
#..# ###..... #..#
#..... '..# #..... .#..#
#..... ..#..#
......'.O... .. '..#
#######..... ... #...
...... ###C####


You could see a five-headed hydra and a shadow imp.

Vanquished Creatures
  A two-headed ogre (D:11)
  A cyclops (D:11)
  Joseph (D:9)
  A gargoyle (D:11)
  Maurice (D:9)
  Prince Ribbit (D:6)
  Grinder (D:6)
  8 yaks
  Grum (D:9)
  A hungry ghost (D:9)
  Menkaure (D:6)
  A water moccasin (D:5)
  Duvessa (D:7)
  5 orc warriors
  An ice beast (D:9)
  A black bear (D:7)
  A necrophage (D:6)
  4 ogres
  2 wolves (D:9)
  5 centaurs
  2 sky beasts
  A phantom (D:4)
  8 bullfrogs
  A wyvern zombie (D:6)
  Dowan (D:7)
  3 scorpions
  4 killer bees (D:8)
  4 wights (D:8)
  5 electric eels (D:9)
  3 crimson imps
  A bullfrog zombie (D:10)
  3 hounds
  8 orc priests
  8 orc wizards
  2 iguanas
  4 worker ants
  A killer bee zombie (D:5)
  A hound zombie (D:10)
  2 hound skeletons
  2 worker ant zombies
  12 adders
  2 shadow imps
  An adder zombie (D:6)
  An adder skeleton (D:6)
  3 worms
  4 dart slugs
  3 leopard geckos
  32 orcs
  4 bats
  5 giant cockroaches
  6 goblins
  9 hobgoblins
  8 jackals
  3 kobolds (D:1)
  4 quokkas
  7 frilled lizards
  5 rats
212 creatures vanquished.

Vanquished Creatures (others)
  An ogre (D:7)
1 creature vanquished.

Grand Total: 213 creatures vanquished

Notes
Turn   | Place    | Note
-------+----------+-------------------------------------------
     0 | D:1      | Jorund the Octopode Wizard began the quest for the Orb.
     0 | D:1      | Reached XP level 1. HP: 11/11 MP: 4/4
   520 | D:1      | Reached XP level 2. HP: 17/17 MP: 3/6
  1036 | D:1      | Reached XP level 3. HP: 19/21 MP: 2/8
  1313 | D:2      | Reached skill level 2 in Conjurations
  1445 | D:2      | Learned a level 2 spell: Blink
  1581 | D:2      | Reached XP level 4. HP: 27/27 MP: 5/10
  2112 | D:3      | Noticed a bullfrog
  2119 | D:3      | Learned a level 3 spell: Conjure Flame
  2123 | D:3      | Learned a level 3 spell: Mephitic Cloud
  2140 | D:3      | Killed a bullfrog
  2140 | D:3      | Reached skill level 3 in Conjurations
  2140 | D:3      | Reached XP level 5. HP: 24/31 MP: 1/11
  2933 | D:3      | Found a blossoming altar of Fedhas.
  2955 | D:3      | Noticed an oklob plant
  3118 | D:4      | Found Xiteotant's Jewellery Emporium.
  3190 | D:4      | Reached XP level 6. HP: 17/36 MP: 7/12
  3202 | D:4      | Reached skill level 1 in Polearms
  3202 | D:4      | Reached skill level 4 in Conjurations
  3564 | D:4      | Found a snail-covered altar of Cheibriados.
  3648 | D:4      | Noticed a phantom
  3649 | D:4      | Reached skill level 5 in Spellcasting
  3662 | D:4      | Reached skill level 5 in Conjurations
  3662 | D:4      | Reached XP level 7. HP: 24/41 MP: 1/14
  4316 | D:5      | Entered Level 5 of the Dungeon
  4449 | D:5      | Reached skill level 6 in Conjurations
  4615 | D:5      | Reached XP level 8. HP: 46/46 MP: 5/16
  5300 | D:6      | Noticed Menkaure
  5343 | D:6      | Reached skill level 7 in Conjurations
  5527 | D:6      | Noticed Grinder
  5539 | D:6      | Killed Grinder
  5819 | D:6      | Reached skill level 8 in Conjurations
  5841 | D:6      | Killed Menkaure
  5841 | D:6      | Reached XP level 9. HP: 51/51 MP: 8/19
  5841 | D:6      | Noticed Prince Ribbit
  5867 | D:6      | Killed Prince Ribbit
  6286 | D:6      | Found a hazy altar of Hepliaklqana.
  6569 | D:6      | Got a jewelled great sword
  6632 | D:7      | Found a runed door.
  6663 | D:7      | Noticed Dowan
  6666 | D:7      | Noticed Duvessa
  6679 | D:7      | Killed Dowan
  6679 | D:7      | Reached skill level 9 in Conjurations
  6743 | D:7      | Found a staircase to the Ecumenical Temple.
  6764 | D:7      | Killed Duvessa
  6866 | Temple   | Entered the Ecumenical Temple
  7022 | D:7      | Found a radiant altar of Vehumet.
  7032 | D:7      | Became a worshipper of Vehumet
  7396 | D:7      | Found a sparkling altar of Nemelex Xobeh.
  7617 | D:7      | Noticed Azzok's ghost (novice GnTm)
  7699 | D:7      | Found Yvomuuxe's Antique Armour Boutique.
  8913 | D:8      | Reached skill level 10 in Conjurations
  9366 | D:8      | Reached XP level 10. HP: 56/56 MP: 11/22
  9454 | D:8      | Reached * piety under Vehumet
  9454 | D:8      | Offered knowledge of Sting by Vehumet.
  9697 | D:9      | Found a shimmering altar of Xom.
  9853 | D:9      | Noticed Maurice
  9929 | D:9      | Killed Maurice
  9929 | D:9      | Reached skill level 5 in Polearms
  9929 | D:9      | Reached skill level 1 in Shields
 10072 | D:9      | Noticed Grum
 10100 | D:9      | Killed Grum
 10399 | D:9      | Found a staircase to the Orcish Mines.
 10412 | D:9      | Noticed Joseph
 10438 | D:9      | Killed Joseph
 10729 | D:9      | Found a sparkling altar of Nemelex Xobeh.
 11110 | D:10     | Entered Level 10 of the Dungeon
 11119 | D:10     | Noticed Gastronok
 11132 | D:10     | Found Zesirpho's Gadget Boutique.
 11254 | D:10     | Reached skill level 11 in Conjurations
 11603 | D:10     | Reached ** piety under Vehumet
 11629 | D:10     | Reached XP level 11. HP: 30/61 MP: 12/24
 11631 | D:10     | Offered knowledge of Flame Tongue by Vehumet.
 13122 | D:4      | Bought the ring of Aduppev {rPois rC+} for 398 gold pieces
 13265 | D:11     | Noticed a cyclops
 13412 | D:11     | Noticed Psyche
 13466 | D:11     | Noticed a centaur warrior
 13829 | D:11     | Noticed a two-headed ogre
 13835 | D:11     | Killed a cyclops
 13842 | D:11     | Noticed a five-headed hydra
 13854 | D:11     | Killed a two-headed ogre
 13857 | D:11     | Slain by a five-headed hydra

Skill      XL: |  1  2  3  4  5  6  7  8  9 10 11 |
---------------+----------------------------------+-----
Conjurations   | 2 3 5 6 8 10 11 | 11.4
Spellcasting   | 4 5 6 8 9 |  9.7
Polearms       | 1 2 3 4 6 |  6.6
Shields        | 3 4 |  4.1
Short Blades   | |  0.1
Dodging        | |  2.0
Stealth        | |  2.6
Summonings     | |  1.0
Translocations | |  1.0
Air Magic      | |  0.1
Poison Magic   | |  0.2

Action                   |  1- 3 |  4- 6 |  7- 9 | 10-12 || total
-------------------------+-------+-------+-------+-------++-------
Melee: Dagger            |    15 |       |       |       ||    15
       Unarmed           |     4 |       |       |       ||     4
       Tentacles         |     4 |     4 |    14 |    10 ||    32
       Constrict         |     6 |    11 |    21 |    14 ||    52
       Spear             |     4 |    46 |   179 |   166 ||   395
 Cast: Magic Dart        |    67 |    84 |   232 |   135 ||   518
       Mephitic Cloud    |       |     7 |    20 |    33 ||    60
       Conjure Flame     |       |       |    16 |    18 ||    34
       Blink             |       |       |     2 |     1 ||     3
Evoke: Wand              |       |       |    14 |    11 ||    25
  Use: Scroll            |     6 |     3 |     7 |       ||    16
       Potion            |       |     1 |       |     6 ||     7
 Stab: Sleeping          |     1 |     1 |     4 |     2 ||     8
       Confused          |       |       |     3 |    12 ||    15
       Invisible         |       |       |       |     1 ||     1
  Eat: Chunk             |     2 |     7 |    17 |     6 ||    32
       Ration            |       |       |       |     3 ||     3
Armor: Skin              |     5 |     1 |     7 |     2 ||    15
Dodge: Dodged            |    18 |    20 |    57 |    41 ||   136
